 Dungeon Crawl Stone Soup version 0.29.0-5-ge4962eb29e (webtiles) character file.

Game seed: 5660435032780884329

22 xian the Magician (level 2, 0/20 HPs)
             Began as a Draconian Hedge Wizard on Aug 28, 2022.
             Slain by a jackal (3 damage)
             ... on level 2 of the Dungeon.
             The game lasted 00:03:34 (1081 turns).

xian the Magician (Draconian Hedge Wizard)          Turns: 1081, Time: 00:03:34

Health: 0/20       AC:  5    Str: 12    XL:     2   Next: 68%
Magic:  6/6        EV: 12    Int: 14    God:
Gold:   164        SH:  0    Dex: 10    Spells: 6/7 levels left

rFire   . . .      SeeInvis .   a - +0 dagger
rCold   . . .      Faith    .   n - orb {light}
rNeg    . . .      Spirit   .   (body armour unavailable)
rPois   .          Reflect  .   b - +0 hat
rElec   .          Harm     .   (no cloak)
rCorr   .          Rampage  .   (no gloves)
Will    .....                   f - +0 pair of boots
Stlth   +.........              (no amulet)
HPRegen 0.06/turn               (no ring)
MPRegen 0.10/turn               (no ring)

@: glowing
A: AC +4, unfitting armour, cold-blooded
a: no special abilities


You were on level 2 of the Dungeon.
You visited 1 branch of the dungeon, and saw 2 of its levels.

You collected 164 gold pieces.

Inventory:

Hand Weapons
 a - a +0 dagger (weapon)
Armour
 b - a +0 hat (worn)
 f - a +0 pair of boots (worn)
 n - an orb of light (worn)
Scrolls
 e - a scroll of teleportation {unknown}
 g - a scroll of brand weapon {unknown}
 h - 3 scrolls of identify {unknown}
 k - a scroll of blinking {unknown}
 l - a scroll of enchant weapon {unknown}
Potions
 c - a potion of magic
 d - a potion of flight {unknown}
 i - a potion of brilliance {unknown}
 j - a potion of degeneration {unknown}
 m - a potion of curing {unknown}


   Skills:
 + Level 1.7 Dodging
 + Level 2.1 Stealth
 + Level 3.3 Spellcasting
 + Level 1.2 Conjurations
 * Level 1.6 Summonings
 + Level 1.1 Translocations


You had 6 spell levels left.
You knew the following spells:

 Your Spells              Type           Power      Damage    Failure   Level
a - Magic Dart            Conj           20%        1d4       13%         1

Your spell library contained the following spells:

 Spells                   Type           Power      Damage    Failure   Level
 Call Imp                 Summ           6%         N/A       16%         2
 Slow                     Hex            8%         N/A       21%         1
 Blink                    Tloc           10%        N/A       21%         2
 Conjure Flame            Conj/Fire      4%         6-21      43%         3
 Mephitic Cloud           Conj/Pois/Air  3%         N/A       47%         3


Dungeon Overview and Level Annotations

Branches:
Dungeon (2/15)

Altars:

Annotations:
D:2 Natasha


Innate Abilities, Weirdness & Mutations

Your plain brown scales are hard. (AC +4)
You cannot fit into any form of body armour.
You are cold-blooded and may be slowed by cold attacks.


Message History

The jackal closely misses you. The jackal attacks as you move away!
The jackal closely misses you. x2
The jackal attacks as you move away! The jackal closely misses you.
The jackal bites you but does no damage.
Natasha mumbles some strange words.
The jackal misses you.
There is an open door here.
The jackal attacks as you move away!
The jackal bites you but does no damage.
The jackal bites you.
* * * LOW HITPOINT WARNING * * *
The jackal attacks as you move away! The jackal barely misses you.
The dart slug launches a dart at you. The slug dart hits you.
* * * LOW HITPOINT WARNING * * *
The jackal barely misses you.
Natasha mumbles some strange words.
The dart slug launches a dart at you. The slug dart misses you.
You open the door. The jackal completely misses you.
The jackal closely misses you.
Natasha casts a spell.
There is an open door here.
The jackal barely misses you.
The crimson imp blinks!
The dart slug briefly extends its eye-stalks.
The jackal bites you.
* * * LOW HITPOINT WARNING * * *
Okay, then.
The jackal attacks as you move away!
The jackal bites you but does no damage.
The jackal misses you.
The white imp disappears in a puff of smoke!
Natasha closely misses you. The jackal barely misses you.
Natasha howls an incantation.
You feel troubled.
Natasha mumbles some strange words.
The jackal closely misses you. The jackal attacks as you move away!
The jackal closely misses you. The jackal attacks as you move away!
The jackal bites you.
You die...

#.######## #........#
########.# #####.#### ### #
#........# ... ##
#.###.##.# ##.# .##
#.#.#.##.# ##..#
..###.....##.#######...####
.w'....5..5.5h.h@.........+
..###.....K#.#####.......##
.## #...##.#.# #.........#
## #........# #.........# #
#..###.######.........#
#...##.#...##........##
##...PPPP.....#....<##
##.#P...P.#####...##
#P...P## ##.##


You could see Natasha, a white imp (summoned), a shadow imp (summoned), a jackal
and a kobold.

Vanquished Creatures
  A dart slug (D:1)
  3 bats (D:1)
  3 goblins (D:1)
  3 jackals (D:2)
  6 ball pythons
  A kobold (D:1)
  2 rats
19 creatures vanquished.

Vanquished Creatures (others)
  A fungus (D:2)
1 creature vanquished.

Grand Total: 20 creatures vanquished

Notes
Turn   | Place    | Note
-------+----------+-------------------------------------------
     0 | D:1      | xian the Draconian Hedge Wizard began the quest for the
                  | Orb.
     0 | D:1      | Reached XP level 1. HP: 14/14 MP: 4/4
   251 | D:1      | Reached XP level 2. HP: 20/20 MP: 1/6
   994 | D:2      | Noticed Natasha
  1000 | D:2      | Noticed a crimson imp
  1006 | D:2      | Noticed a crimson imp
  1065 | D:2      | Noticed a crimson imp
  1081 | D:2      | Slain by a jackal

Illustrated notes

Levels and vault maps discovered:
D:1:      lightli_arrival_boilingwater, layout_loops_ring
D:2:      layout_loops_corners, hellmonk_ecumenical_altar_run_dry,
          minmay_gold_behind_fungi, patterned_corridor, uniq_crazy_yiuf_cottage,
          uniq_natasha, uniq_jessica

Skill      XL: |  1  2 |
---------------+-------+-----
Stealth        | 2 |  2.1
Dodging        | |  1.7
Spellcasting   | |  3.3
Conjurations   | |  1.2
Summonings     | |  1.6
Translocations | |  1.1

Action                   || total
-------------------------++-------
Melee: Dagger            ||    17
       Tailslap          ||     1
 Cast: Magic Dart        ||    34
Armor: Skin              ||    19
Dodge: Dodged            ||    57
